Map: [ESL] Cosmic Sapphire

Players

Zoun

  • Race: Protoss Protoss
  • Spawn Location: 5:00

LiquidClem (Clem) - Winner!

  • Race: Terran Terran
  • League: Grandmaster
  • Spawn Location: 11:00

Event: HomeStory Cup XXII

VOD

Have the link to the VOD?

Description

Time

  • Played on: Dec. 17, 2022, 8:24 a.m.
  • Length: 17:44

All games in this series

Show
View Real Time Build Order
Export as new Build Order

Zoun Protoss 

Build Orders: 1 Gate Expand, Phoenix Opening, Colossus Rush 

Get SALT Encoding   

  12  0:00  Probe  
  13  0:12  Probe  
  14  0:16  Pylon  
  14  0:24  Probe (Chrono Boost)  
  16  0:36  Gateway, Probe (Chrono Boost)  
  16  0:43  Probe (Chrono Boost)  
  16  0:45  Assimilator  
  17  0:51  Probe  
  18  1:03  Probe  
  19  1:15  Probe  
  20  1:23  Cybernetics Core  
  20  1:34  Nexus  
  20  1:35  Probe  
  21  1:43  Pylon  
  21  1:47  Probe  
  21  1:51  Assimilator  
  22  1:58  Adept (Chrono Boost)  
  22  1:59  Probe  
  25  2:12  Probe  
  26  2:19  Stargate  
  26  2:23  Adept  
  26  2:28  Probe  
  29  2:33  Warp Gate  
  29  2:40  Probe (Chrono Boost)  
  30  2:46  Probe (Chrono Boost)  
  32  2:52  Probe (Chrono Boost)  
  32  2:55  Probe (Chrono Boost)  
  32  2:57  Adept, Probe (Chrono Boost)  
  35  3:03  Phoenix (Chrono Boost)  
  38  3:09  Probe  
  38  3:10  Probe  
  40  3:15  Gateway  
  40  3:18  Shield Battery  
  40  3:23  Probe  
  40  3:24  Probe  
  40  3:25  Phoenix (Chrono Boost)  
  44  3:34  Pylon  
  44  3:37  Probe  
  44  3:38  Robotics Facility  
  44  3:40  Probe  
  46  3:48  Pylon  
  46  3:52  Phoenix (Chrono Boost), Assimilator  
  46  3:54  Assimilator  
  48  3:56  Probe  
  48  3:57  Probe  
  44  4:10  Probe  
  45  4:23  Probe (Chrono Boost)  
  46  4:34  Observer  
  46  4:35  Robotics Bay, Probe x2 (Chrono Boost)  
  48  4:42  Probe x2 (Chrono Boost)  
  48  4:43  Phoenix  
  52  4:53  Probe  
  52  4:55  Probe  
  54  5:02  Immortal (Chrono Boost)  
  54  5:04  Pylon  
  58  5:07  Sentry  
  58  5:09  Probe  
  58  5:10  Probe  
  62  5:16  Pylon  
  62  5:22  Probe  
  63  5:30  Colossus (Chrono Boost)  
  63  5:31  Observer  
  69  5:39  Probe  
  69  5:42  Observer  
  68  5:43  Probe  
  68  5:49  Extended Thermal Lance  
  69  5:51  Probe  
  69  5:52  Twilight Council  
  69  5:56  Probe  
  71  5:59  Twilight Council  
  71  6:01  Gateway  
  71  6:02  Gateway  
  71  6:09  Probe  
  72  6:12  Colossus (Chrono Boost)  
  78  6:27  Nexus  
  78  6:39  Pylon  
  78  6:40  Charge (Chrono Boost), Pylon  
  78  6:43  Observer  
  78  6:48  Pylon  
  78  6:57  Phoenix, Colossus, Probe x2  
  88  7:01  Pylon  
  88  7:02  Sentry  
  88  7:07  Forge  
  90  7:09  Probe x2  
  92  7:16  Shield Battery  
  92  7:21  Probe x2  
  92  7:22  Phoenix  
  96  7:25  Zealot x2  
  96  7:26  Zealot  
  102  7:33  Probe  
  102  7:36  Probe  
  104  7:40  Probe  
  105  7:45  Probe  
  105  7:47  Phoenix, Gateway  
  105  7:48  Probe  
  105  7:50  Gateway  
  109  7:53  Templar Archives, Probe  
  109  7:57  Observer, Probe  
  112  8:00  Probe  
  112  8:04  Protoss Ground Weapons Level 1 (Chrono Boost)  
  112  8:05  Probe  
  110  8:09  Probe  
  110  8:12  Phoenix, Probe  
  113  8:17  Probe, Assimilator  
  113  8:19  Pylon  
  115  8:22  Zealot x2, Assimilator  
  119  8:28  Observer  
  119  8:29  Gateway x2  
  117  8:47  Probe  
  117  8:54  Zealot x6  
  129  8:57  Observer  
  129  9:00  Photon Cannon, Probe x2  
  131  9:04  Probe  
  132  9:10  Robotics Facility  
  132  9:12  Pylon  
  132  9:15  Blink (Chrono Boost)  
  132  9:22  Probe  
  132  9:24  Photon Cannon  
  133  9:27  Probe x2  
  133  9:30  Disruptor  
  136  9:31  High Templar x2  
  136  9:34  Pylon  
  136  9:35  Pylon  
  136  9:36  Archon  
  140  9:43  Forge  
  140  9:47  Pylon  
  140  9:51  Probe, Protoss Ground Armor Level 1 (Chrono Boost)  
  142  9:52  Probe  
  142  9:53  High Templar x4  
  142  9:55  Zealot x2  
  142  9:56  Archon  
  142  9:57  Archon  
  142  9:58  Disruptor  
  142  9:59  Observer  
  157  10:08  Probe  
  156  10:16  Zealot x3  
  156  10:17  Zealot  
  162  10:21  Disruptor  
  162  10:24  Protoss Ground Weapons Level 2 (Chrono Boost)  
  165  10:30  Nexus  
  165  10:36  Pylon  
  165  10:38  Pylon  
  165  10:39  Pylon  
  164  10:54  Disruptor  
  164  10:56  Stalker x7  
  181  11:04  Disruptor  
  184  11:13  Zealot  
  179  11:21  Zealot x6  
  177  11:27  Observer  
  177  11:29  Disruptor, Zealot  
  164  11:39  Disruptor  
  158  11:44  Observer  
  158  11:46  Nexus  
  161  11:47  Pylon  
  161  11:48  Observer  
  161  11:51  Stalker x4  
  169  11:57  Nexus  
  169  12:05  Disruptor  
  169  12:06  Pylon  
  171  12:11  Zealot x2, High Templar x2  
  179  12:17  Archon  
  179  12:18  Gateway  
  179  12:20  Gateway  
  179  12:24  Disruptor  
  182  12:31  Zealot x4  
  190  12:41  Disruptor  
  187  12:49  Stalker x4  
  176  12:54  Protoss Ground Weapons Level 3 (Chrono Boost)  
  176  12:55  Protoss Ground Armor Level 2 (Chrono Boost)  
  174  12:59  Disruptor  
  174  13:00  Probe x2  
  174  13:02  Observer  
  173  13:16  Disruptor  
  173  13:17  Zealot x7  
  183  13:26  Zealot  
  185  13:32  Shield Battery, Photon Cannon  
  185  13:35  Disruptor  
  185  13:37  Shield Battery  
  185  13:38  Photon Cannon  
  188  13:47  Zealot x5  
  190  14:00  Colossus (Chrono Boost)  
  194  14:05  Probe x3  
  197  14:14  Stalker  
  199  14:23  Colossus (Chrono Boost)  
  196  14:35  Probe x2  
  181  14:47  Dark Shrine  
  181  14:50  Colossus (Chrono Boost)  
  181  14:51  Gateway  
  187  14:56  Stalker x2  
  187  14:57  Stalker x4  
  189  15:23  Zealot x5  
  189  15:26  Assimilator x2  
  191  15:37  Stalker x2  
  190  15:48  Zealot  
  190  15:49  Zealot x4  
  172  15:54  Zealot x3  
  172  15:55  Disruptor x2 (Chrono Boost)  
  136  16:06  Stalker x2  
  138  16:14  Stalker x8  
  138  16:15  Stalker  
  129  16:28  Disruptor x2 (Chrono Boost)  
  129  16:29  Zealot x2  
  115  16:40  Stalker x3, Pylon  
  115  16:41  Stalker x4  
  115  16:47  Zealot x2  
  101  16:56  Disruptor, Stalker x2  
  101  16:57  Disruptor  
  88  17:12  Stalker x5  
  88  17:13  Zealot x4  
  103  17:19  Zealot x2  
  102  17:29  Shield Battery  
  92  17:34  Zealot x4  
Show
View Real Time Build Order
Export as new Build Order

LiquidClem Terran - Winner!

Build Orders:  

Get SALT Encoding   

  12  0:00  SCV  
  13  0:12  SCV  
  14  0:16  Supply Depot  
  14  0:24  SCV  
  15  0:38  SCV  
  15  0:39  Barracks  
  15  0:42  Refinery  
  16  0:50  SCV  
  17  1:02  SCV  
  18  1:14  SCV  
  19  1:26  Orbital Command, Marine  
  20  1:39  Command Center  
  20  1:52  Factory  
  20  1:55  SCV  
  20  2:01  Barracks Reactor  
  21  2:05  Supply Depot  
  21  2:08  SCV  
  22  2:18  Refinery  
  22  2:20  SCV  
  23  2:32  SCV  
  24  2:39  Starport  
  24  2:43  Hellion x2  
  28  2:44  SCV  
  29  2:52  Orbital Command  
  29  2:58  SCV  
  30  3:04  Hellion  
  32  3:07  Hellion  
  32  3:10  SCV, Barracks Tech Lab  
  34  3:15  Medivac  
  34  3:18  SCV  
  37  3:22  SCV  
  37  3:25  Supply Depot  
  38  3:31  SCV  
  39  3:34  SCV  
  39  3:35  Cyclone  
  39  3:36  Marine  
  39  3:38  Marine  
  45  3:43  SCV  
  45  3:47  SCV  
  45  3:48  Barracks  
  47  3:54  Marine  
  48  3:55  SCV  
  48  3:56  Marine  
  48  4:02  Supply Depot  
  50  4:06  SCV  
  49  4:12  Marine  
  49  4:14  Marine  
  49  4:15  Barracks  
  49  4:16  Supply Depot  
  49  4:20  Cyclone, SCV  
  49  4:21  SCV  
  50  4:24  Refinery  
  50  4:29  Engineering Bay  
  50  4:33  SCV x2  
  50  4:34  Starport Reactor  
  50  4:35  Marine  
  50  4:36  Barracks Tech Lab  
  50  4:38  Marine  
  53  4:45  SCV x2  
  54  4:53  Marine  
  54  4:55  Stimpack  
  54  4:56  Marauder, Marine  
  54  4:57  SCV x2, Refinery  
  59  5:05  Terran Infantry Weapons Level 1  
  58  5:09  SCV x2  
  58  5:12  Factory Reactor  
  58  5:13  Marine  
  61  5:15  Combat Shield  
  61  5:16  Marine  
  61  5:17  Supply Depot, Marine  
  61  5:19  Marine  
  65  5:21  SCV x2  
  65  5:23  Supply Depot  
  65  5:27  Medivac x2  
  70  5:37  SCV  
  70  5:39  SCV, Marauder x2, Marine x2  
  77  5:49  SCV  
  75  5:50  Supply Depot  
  75  5:51  Widow Mine x2  
  75  5:57  Marine x2  
  79  6:01  Marauder x2  
  85  6:07  Command Center  
  85  6:13  Supply Depot, SCV x2  
  85  6:14  Marine  
  85  6:16  Medivac  
  90  6:19  Medivac  
  90  6:25  Widow Mine  
  94  6:31  SCV  
  94  6:32  SCV  
  94  6:35  Widow Mine, Marauder x2  
  94  6:36  Supply Depot, Marine x2  
  102  6:43  SCV  
  102  6:45  SCV  
  102  6:51  Barracks  
  102  6:52  Barracks  
  102  6:57  SCV x2  
  102  6:58  Widow Mine, Marauder x2  
  102  6:59  Supply Depot  
  110  7:07  Terran Infantry Armor Level 1  
  110  7:08  Supply Depot  
  110  7:19  SCV x2, Medivac x2, Widow Mine, Marine x2  
  110  7:21  Orbital Command  
  120  7:25  Marauder  
  120  7:27  Concussive Shells  
  120  7:28  Marauder  
  124  7:31  SCV x2  
  126  7:40  Supply Depot, Barracks Tech Lab  
  126  7:41  Barracks Reactor, Missile Turret  
  126  7:43  SCV x2  
  128  7:49  Viking, SCV  
  128  7:50  Viking  
  133  7:53  Supply Depot  
  133  7:55  SCV x2  
  133  7:57  Marauder  
  139  7:58  Marauder  
  139  8:02  SCV  
  138  8:08  SCV x2, Marauder  
  138  8:10  Refinery x2, Marine x2  
  140  8:14  SCV  
  140  8:15  Supply Depot  
  140  8:19  Viking, Marauder  
  145  8:20  Viking  
  145  8:22  Ghost Academy  
  145  8:25  Armory  
  145  8:26  Engineering Bay  
  147  8:32  Supply Depot  
  147  8:34  Marine x3  
  147  8:35  Marine  
  147  8:36  Marauder x2  
  153  8:44  Marauder  
  154  8:52  Supply Depot  
  152  8:57  Command Center  
  152  8:59  Viking  
  158  9:02  Supply Depot  
  158  9:03  Viking  
  162  9:12  Supply Depot, Terran Infantry Weapons Level 2  
  162  9:13  Terran Infantry Armor Level 2  
  161  9:25  Barracks  
  161  9:26  Barracks  
  161  9:27  Unknown x2  
  161  9:28  Barracks  
  161  9:29  Terran Ship Weapons Level 1  
  161  9:30  Enhanced Shockwaves  
  161  9:33  Unknown  
  161  9:36  Viking  
  161  9:37  Supply Depot  
  163  9:38  Viking  
  163  9:40  SCV  
  163  9:41  SCV  
  163  9:43  SCV  
  163  9:44  Marauder  
  167  9:55  Starport  
  167  9:56  SCV x3  
  170  10:04  Marine x3  
  174  10:07  Marauder  
  174  10:13  Viking x2, Refinery  
  174  10:14  Barracks Tech Lab x2  
  178  10:16  Marauder  
  178  10:17  Refinery  
  178  10:19  Missile Turret  
  179  10:22  Sensor Tower, Marine x2  
  179  10:26  Marauder  
  185  10:30  SCV  
  185  10:32  Command Center  
  185  10:35  Viking x2  
  190  10:37  Planetary Fortress  
  190  10:42  Barracks Tech Lab  
  186  10:48  SCV  
  189  10:56  Unknown  
  191  11:00  Viking x2  
  195  11:13  Unknown  
  195  11:17  Command Center  
  187  11:18  Liberator  
  187  11:24  Unknown  
  187  11:25  Medivac  
  185  11:27  Marine  
  185  11:30  Viking, Medivac  
  185  11:31  Marauder  
  185  11:32  Marine x2  
  166  11:34  Unknown  
  166  11:35  Marauder x2, Marine x2  
  166  11:36  Marauder, Marine  
  175  11:45  SCV  
  172  11:47  Orbital Command  
  172  11:48  SCV  
  172  11:51  Marine  
  172  11:53  Marauder, Marine  
  172  11:54  SCV, Marauder x2  
  182  11:55  Terran Infantry Weapons Level 3  
  182  11:56  Marauder  
  182  11:57  Marauder  
  186  12:05  Marine  
  186  12:06  Command Center  
  184  12:16  Terran Infantry Armor Level 3  
  184  12:19  Marauder  
  184  12:21  Marauder x2  
  188  12:22  Marauder  
  188  12:23  Marauder, Marine x2  
  190  12:31  Terran Ship Weapons Level 2  
  190  12:32  Orbital Command  
  190  12:35  Unknown  
  190  12:36  Marauder  
  192  12:41  Liberator, Fusion Core  
  189  12:48  Marauder  
  189  12:49  Marauder  
  189  12:50  Liberator  
  188  12:52  Marauder x2  
  188  12:54  Marine x3  
  188  12:55  Marauder  
  188  12:57  Marauder  
  196  13:03  Liberator, Marine  
  200  13:11  Marauder  
  200  13:12  Marauder  
  198  13:13  Marauder  
  198  13:16  Marauder x2  
  198  13:17  Liberator  
  198  13:18  Marine  
  190  13:20  Marine  
  190  13:21  Marauder  
  193  13:31  Advanced Ballistics  
  193  13:36  Personal Cloaking, Command Center  
  193  13:39  Liberator  
  196  13:43  Liberator  
  199  13:55  Liberator  
  200  14:07  Planetary Fortress  
  200  14:13  Sensor Tower  
  200  14:16  Refinery x2  
  197  14:18  SCV x2  
  199  14:36  Liberator  
  199  14:37  Liberator  
  199  14:41  Command Center  
  199  14:42  Starport  
  196  14:48  Liberator  
  196  14:49  Marine  
  200  14:53  Sensor Tower  
  200  14:58  Terran Ship Weapons Level 3  
  200  14:59  Hi-Sec Auto Tracking, Neosteel Armor  
  200  15:02  Unknown  
  199  15:09  Marine  
  199  15:16  Marauder  
  200  15:27  Marauder  
  198  15:46  Liberator  
  198  15:48  Marauder  
  198  15:49  Marauder  
  182  15:52  Marine  
  182  15:53  Marauder x2, Marine x3  
  182  15:54  Marauder x2  
  194  15:59  Liberator x2  
  186  16:09  Marine  
  186  16:10  Marine x2  
  186  16:11  Marauder  
  191  16:14  Marauder x2  
  191  16:15  Marauder x2  
  191  16:18  Marine x2  
  180  16:27  Liberator, Marauder  
  180  16:28  Starport Reactor, Marine x2  
  184  16:33  Liberator, Rapid Reignition System  
  184  16:35  Marine  
  184  16:36  Marauder x2, Marine x2  
  180  16:42  Liberator  
  180  16:43  Liberator  
  180  16:46  Marine x2  
  176  16:49  Marauder  
  176  16:53  Marine x2  
  170  16:57  Marauder x2  
  170  17:00  Unknown  
  171  17:04  Marine x2  
  171  17:05  Unknown, Marine  
  171  17:08  SCV  
  163  17:10  Marauder  
  163  17:11  Marine x2  
  156  17:18  Marauder x2  
  156  17:22  Marine x2  
  156  17:23  Unknown, Marine  
  156  17:29  Unknown  
Tags
 
Add a new tag
Caveats
  • Supply blocks, unpowered buildings, or Contaminate may cause inaccurate times.
  • Supply counts are checked every 10 seconds.